 Dungeon Crawl Stone Soup version 0.18.1-8-gdd0e5ea (webtiles) character file.

18 Gargoyl the Skirmisher (level 2, 0/24 HPs)
             Began as a Demonspawn Abyssal Knight on May 26, 2016.
             Was a Follower of Lugonu.
             Slain by a worm (11 damage)
             ... on level 2 of the Dungeon.
             The game lasted 00:01:18 (1131 turns).

Gargoyl the Skirmisher (Demonspawn Abyssal Knight)  Turns: 1131, Time: 00:01:19

Health: 0/24       AC:  4    Str: 12    XL:     2   Next: 51%
Magic:  3/3        EV:  6    Int: 13    God:    Lugonu [*.....]
Gold:   62         SH:  0    Dex: 14    Spells: 0 memorised, 1 level left

rFire  . . .     SeeInvis +     a - +1 hand axe
rCold  . . .     Gourm    .     b - +0 leather armour
rNeg   . . .     Faith    .     (no shield)
rPois  .         Spirit   .     (no helmet)
rElec  .         Dismiss  .     (no cloak)
rCorr  .         Reflect  .     j - +0 pair of gloves
SustAt .         Harm     .     (no boots)
MR     .....                    (no amulet)
Stlth  ++........               (no ring)
                                d - ring of see invisible

@: not resistant to hostile enchantments, unstealthy
A: thin skeletal structure 1, low mp 1
a: Depart the Abyss, Renounce Religion


You were on level 2 of the Dungeon.
You worshipped Lugonu.
Lugonu was aware of your devotion.
You were hungry.

You visited 1 branch of the dungeon, and saw 2 of its levels.
You visited the Abyss 1 time.

You collected 62 gold pieces.

Inventory:

Hand Weapons
 a - a +1 hand axe (weapon)
Armour
 b - a +0 leather armour (worn)
 j - a +0 pair of gloves (worn)
Jewellery
 d - a ring of see invisible (left hand)
Scrolls
 e - a scroll of noise {unknown}
 g - a scroll of blinking {unknown}
 k - a scroll of identify {unknown}
Potions
 f - 2 potions of curing {unknown}
 i - a potion of invisibility {unknown}
Comestibles
 c - a bread ration
 h - a meat ration


   Skills:
 + Level 3.5 Fighting
 + Level 1.8 Axes
 + Level 2.0 Armour
 + Level 1.1 Dodging
 + Level 2.6 Invocations


You had one spell level left.
You didn't know any spells.

Dungeon Overview and Level Annotations

Branches:
Dungeon (2/15)

Altars:
Cheibriados


Innate Abilities, Weirdness & Mutations

You have a somewhat thin skeletal structure (Dex +2, Stealth).
Your magical capacity is low (-10% MP).


Message History

A jackal comes into view.
The jackal barks!
You hit the worm.
The worm is moderately wounded.
You barely miss the worm.
The worm is moderately wounded.
The worm misses you.
You barely miss the worm.
The worm is moderately wounded.
You closely miss the jackal. The jackal bites you. The worm closely misses you.
A jackal comes into view.
The jackal barks!
You hit the worm.
The worm is heavily wounded.
You hit the jackal.
The jackal is severely wounded.
The jackal barely misses you. x2
The jackal bites you but does no damage.
The worm bites you!
You die...

... #.# #.# #.#
###.##### ##.......#
##.h.$....#
####h........####♣♣
+..@w..............?
####.........####...
##........#
##.......# ####.##.#
######


You could see a worm and 2 jackals.

Vanquished Creatures
  A dart slug (D:1)
  A giant gecko (D:2)
  A giant cockroach (D:1)
  4 hobgoblins (D:1)
  5 kobolds (D:1)
  A goblin (D:1)
  A rat (D:1)
14 creatures vanquished.

Notes
Turn   | Place    | Note
--------------------------------------------------------------
     0 | Abyss:1  | Gargoyl the Demonspawn Abyssal Knight began the quest for the Orb.
     0 | Abyss:1  | Reached XP level 1. HP: 18/18 MP: 2/2
    15 | Abyss:2  | Found an ancient bone altar of Kikubaaqudgha.
    49 | Abyss:2  | Noticed a neqoxec
    58 | Abyss:2  | Found an ancient bone altar of Kikubaaqudgha.
    64 | Abyss:2  | Gained mutation: Your magical capacity is low (-10% MP). [a neqoxec]
    68 | Abyss:2  | Noticed a crimson imp
    69 | Abyss:2  | Noticed a quasit
    75 | D:1      | Escaped the Abyss
   319 | D:1      | Gained mutation: You have a somewhat thin skeletal structure (Dex +2, Stealth). [demonic ancestry]
   319 | D:1      | Reached XP level 2. HP: 15/24 MP: 3/3
   498 | D:1      | Reached skill level 1 in Dodging
   674 | D:1      | Reached * piety under Lugonu
   676 | D:1      | Found a snail-covered altar of Cheibriados.
  1131 | D:2      | Slain by a worm

Skill      XL: |  1  2 |
---------------+-------+-----
Dodging        | 1 |  1.1
Armour         | 2 |  2.0
Fighting       | |  3.5
Axes           | |  1.8
Invocations    | |  2.6

Action                   || total
-------------------------++-------
Melee: Hand axe          ||    38
Invok: Depart the Abyss  ||     1
Armor: Leather armour    ||     8
Dodge: Dodged            ||    21
